AoeStats
← cccccccccc

Black Forest

509838391Analyzed
4v4 RM · 2d ago on Sep 28, 2026· 28m 33s· 8 players
Game mode
Random Map
Map size
Large (8 player)
Population
200
Speed
Normal
Resources
Standard
Victory
Conquest
Starting age
Dark Age
Ending age
Imperial Age
RankedLock teamsTeams togetherTeam positionsShared explorationLock speedFull tech treeHidden civsTurbo modeCheats
Victory
Defeat
1450
+11
🇹🇼 Saxons · Taiwan
1439
+11
🇹🇼 Khmer · Taiwan
1410
+12
🇹🇼 Bohemians · Taiwan
1202
+21
🇭🇰 Tatars · Hong Kong SAR China
1363
-15
🇺🇸 Britons · United States
1357
-15
🇹🇼 Mongols · Taiwan
1323
-14
🇨🇳 Hindustanis · China
1259
-11
WOLF
Panchi
1:14 Loom
Fs.Caboclo
肥肠拌面
11:12 Feudal Age
14:45 Castle Age
12:43 Double-Bit Axe
13:01 Horse Collar
15:49 Bow Saw
21:43 Loom
cccccccccc
11:45 Feudal Age
14:40 Castle Age
13:30 Horse Collar
16:44 Heavy Plow
16:55 Double-Bit Axe
20:59 Bow Saw
24:09 Wheelbarrow
26:08 Hand Cart
29:37 Imperial Age
27:26 Scale Barding Armor
27:36 Forging
28:38 Bloodlines
28:28 Husbandry
曙光女神之寬恕
0:41 Loom
12:43 Feudal Age
19:11 Castle Age
18:16 Double-Bit Axe
18:14 Horse Collar
20:18 Wheelbarrow
21:55 Fishing Lines
23:09 Gillnets
25:08 Hand Cart
26:01 Bow Saw
27:13 Town Watch
阿姆斯特朗旋風噴射騎鯊聖熊
11:33 Feudal Age
15:05 Castle Age
14:01 Fletching
14:02 Double-Bit Axe
16:12 Bodkin Arrow
18:09 Padded Archer Armor
25:03 Red Cliffs Tactics
27:01 Wheelbarrow
26:55 Horse Collar
28:00 Gold Mining
28:46 Bow Saw
誰都打不過
1:37 Loom
8:52 Feudal Age
12:01 Fletching
15:00 Padded Archer Armor
21:36 Castle Age
19:38 Double-Bit Axe
20:12 Gold Mining
22:17 Bodkin Arrow
21:42 Crossbowman
28:47 Imperial Age
Connection lost

Rejoining the realm…

Still unreachable

The connection could not be restored.

Session expired

The server has moved on; the page needs a fresh start.